 Dungeon Crawl Stone Soup version 0.28.0 (webtiles) character file.

Game seed: 3044125871372204882

0 RascalDebosk the Grave Robber (level 1, -1/13 HPs)
             Began as a Demonspawn Necromancer on Feb 12, 2022.
             Killed from afar by a dart slug (3 damage)
             ... with a slug dart
             ... on level 1 of the Dungeon.
             The game lasted 00:02:37 (38 turns).

RascalDebosk the Grave Robber (DsNe)                  Turns: 38, Time: 00:02:38

Health: -1/13      AC:  2    Str:  8    XL:     1   Next: 0%
Magic:  0/3        EV: 12    Int: 16    God:
Gold:   6          SH:  0    Dex: 13    Spells: 1/4 levels left

rFire   . . .      SeeInvis .   (no weapon)
rCold   . . .      Faith    .   (no shield)
rNeg    . . .      Spirit   .   a - +0 robe
rPois   .          Reflect  .   (no helmet)
rElec   .          Harm     .   (no cloak)
rCorr   .          Rampage  .   (no gloves)
Will    .....                   (no boots)
Stlth   ++........              (no amulet)
HPRegen 0.04/turn               (no ring)
MPRegen 0.08/turn               (no ring)

@: no status effects
A: no striking features
a: no special abilities


You were on level 1 of the Dungeon.
You visited 1 branch of the dungeon, and saw 1 of its levels.

You collected 6 gold pieces.

Inventory:

Armour
 a - a +0 robe (worn)


   Skills:
 + Level 0.0 Fighting
 + Level 0.0 Armour
 + Level 1.7 Dodging
 * Level 1.7 Stealth
 * Level 2.0 Spellcasting
 * Level 0.0 Conjurations
 * Level 4.3 Necromancy
 * Level 0.0 Fire Magic


You had one spell level left.
You knew the following spells:

 Your Spells              Type           Power      Damage    Failure   Level
a - Pain                  Necr           60%        1d7       3%          1
b - Foxfire               Conj/Fire      4%         2x1d4     21%         1
c - Animate Skeleton      Necr           30%        N/A       3%          1

Your spell library contained the following spells:

 Spells                   Type           Power      Damage    Failure   Level
 Vampiric Draining        Necr           15%        2d7       11%         3
 Animate Dead             Necr           7%         N/A       34%         4
 Agony                    Necr           15%        N/A       67%         5
 Petrify                  Tmut/Erth      1%         N/A       90%         4
 Fire Storm               Conj/Fire      0%         6d1       100%        9


Dungeon Overview and Level Annotations

Branches:
Dungeon (1/15)

Altars:


Message History

You start memorising the spell.
You continue memorising.
You finish memorising.
Spell assigned to 'b'.
Memorise Animate Skeleton, consuming 1 spell level and leaving 1?
You start memorising the spell.
You continue memorising.
You finish memorising.
Spell assigned to 'c'.
You enter the shallow water.
Moving in this stuff is going to be slow.
Why would you want to do that?
You enter the shallow water.
Moving in this stuff is going to be slow.
Found 6 gold pieces and 21 stones.
Found a chain mail.
You now have 6 gold pieces.
You open the large door.
A dart slug comes into view.
There is a large open door here.
Cast which spell? (? or * to list)
You miscast Foxfire.
You are very lightly contaminated with residual magic.
Nothing appears to happen.
Casting: Foxfire (safe; 21% risk of failure)
Confirm with . or Enter, or press ? or * to list all spells.
You conjure some foxfire!
The foxfire hits the dart slug.
The dart slug is lightly wounded.
The foxfire hits the dart slug.
The dart slug is lightly wounded.
Aiming: Pain (safe; 3% risk of failure)
Press: ? - help, Q - select action, (/) - cycle Shift-Dir - straight line, f - dart slug
Aim: a dart slug (lightly wounded, chance to affect: 85%)
The dart slug writhes in agony.
The dart slug launches a dart at you. The slug dart hits you.
Your magical contamination has completely faded away.
The dart slug launches a dart at you. The slug dart hits you.
* * * LOW HITPOINT WARNING * * *
The dart slug launches a dart at you. The slug dart hits you.
You die...

######################
#...≈.P.≈P≈≈≈PPP≈≈≈PP≈
#...≈..≈≈P≈≈≈≈≈P≈≈≈≈≈≈
###.P≈≈≈≈≈≈≈≈≈≈P≈P≈≈≈≈≈≈
#.'.≈(.≈≈≈≈≈≈≈≈≈≈≈≈≈≈≈≈≈
#.w.....≈≈≈≈≈≈≈≈≈≈≈≈≈≈≈.
#.#[♣.≈@.≈≈≈..≈≈≈≈≈..≈..
#.#...###.≈.##.≈.≈.#P.P#
#.##### ##.####.P.######
#. ### ##### # .. .# .


You could see a dart slug.

Vanquished Creatures (others)
  2 foxfires (D:1)
2 creatures vanquished.

Notes
Turn   | Place    | Note
-------+----------+-------------------------------------------
     0 | D:1      | RascalDebosk the Demonspawn Necromancer began the quest for
                  | the Orb.
     0 | D:1      | Reached XP level 1. HP: 13/13 MP: 3/3
     2 | D:1      | Got the Grimoire of the Unstable Blaze
     5 | D:1      | Learned a level 1 spell: Foxfire
     7 | D:1      | Learned a level 1 spell: Animate Skeleton
    38 | D:1      | Killed from afar by a dart slug

Illustrated notes

Levels and vault maps discovered:
D:1:      lightli_arrival_windingriver, layout_basic, minmay_worlds_worst_comb

Action                   || total
-------------------------++-------
 Cast: Pain              ||     1
       Foxfire           ||     1
